 Dungeon Crawl Stone Soup version 0.22-a0-362-g535178c5c5 (webtiles) character file.

46 Manul the Slasher (level 3, -3/28 HPs)
             Began as a Demonspawn Gladiator on Apr 21, 2018.
             Slain by Sigmund
             ... wielding a +0 scythe
              (8 damage)
             ... on level 3 of the Dungeon.
             The game lasted 00:01:28 (1833 turns).

Manul the Slasher (Demonspawn Gladiator)            Turns: 1833, Time: 00:01:29

Health: -3/28      AC:  5    Str: 14    XL:     3   Next: 44%
Magic:  3/3        EV: 13    Int:  9    God:
Gold:   189        SH:  6    Dex: 15    Spells: 2/2 levels left

rFire    + . .     SeeInvis .   p - +1 dagger (elec)
rCold    . . .     Gourm    .   (no shield)
rNeg     . . .     Faith    .   b - +0 leather armour
rPois    .         Spirit   .   c - +0 helmet
rElec    .         Reflect  .   (no cloak)
rCorr    .         Harm     .   (no gloves)
MR       .....                  q - +0 pair of boots
Stlth    +.........             (no amulet)
HPRegen  0.09/turn              e - ring of protection from fire
MPRegen  0.08/turn              r - ring of flight

@: no status effects
A: large bone plates 2
a: Evoke Flight


You were on level 3 of the Dungeon.
You were not hungry.

You visited 1 branch of the dungeon, and saw 3 of its levels.

You collected 189 gold pieces.

Inventory:

Hand Weapons
 a - a +0 long sword
 p - a +1 dagger of electrocution (weapon)
Missiles
 d - 3 throwing nets (quivered)
Armour
 b - a +0 leather armour (worn)
 c - a +0 helmet (worn)
 q - a +0 pair of boots (worn)
Jewellery
 e - a ring of protection from fire (left hand)
 r - a ring of flight (right hand)
Scrolls
 h - 2 scrolls of identify {unknown}
 i - a scroll of immolation {unknown}
 k - 3 scrolls of teleportation {unknown}
 l - a scroll of random uselessness {unknown}
 o - a scroll of fear {unknown}
Potions
 j - a potion of haste
 m - a potion of magic {unknown}
 n - a potion of brilliance {unknown}
 s - a potion of curing {unknown}
Comestibles
 f - 2 rations
 g - 8 chunks of flesh


   Skills:
 + Level 2.3 Fighting
 + Level 3.1 Long Blades
 - Level 1.9 Throwing
 + Level 1.3 Armour
 + Level 3.0 Dodging


You had 2 spell levels left.
You didn't know any spells.

Dungeon Overview and Level Annotations

Branches:
Dungeon (3/15)

Altars:
Dithmenos
Zin

Annotations:
D:3 Sigmund


Innate Abilities, Weirdness & Mutations

You are mostly covered in large bone plates. (SH +6)


Message History

Sigmund barely misses you.
You miss Sigmund.
Sigmund is lightly wounded.
You hit Sigmund.
Sigmund is lightly wounded.
Sigmund mumbles some strange words.
Sigmund flickers and vanishes!
Deactivating autopickup; reactivate with Ctrl-A.
You miss something. Something hits you!
You bump into the rock wall.
You feel less confused.
You hit something but do no damage.
You hear some strange, mumbled words.
A magic dart appears from out of thin air!
The magic dart hits you!
You barely miss something. Something hits you!
* * * LOW HITPOINT WARNING * * *
You hit something but do no damage. Lightning courses through something!
Something hits you!
You die...

#.......# #.##...
#.......# #+#####
####...## #...#
##'## #.# #.##
#########..#####
###
+.....{@..........
...
####.#####.#######
### #..# ##.# .#
.# ..


There were no monsters in sight!

Vanquished Creatures
  3 dart slugs (D:1)
  3 bats
  A giant cockroach (D:1)
  5 goblins
  8 hobgoblins
  3 jackals (D:3)
  3 ball pythons
  4 frilled lizards
  3 kobolds
  4 rats (D:1)
37 creatures vanquished.

Notes
Turn   | Place    | Note
-------+----------+-------------------------------------------
     0 | D:1      | Manul the Demonspawn Gladiator began the quest for the Orb.
     0 | D:1      | Reached XP level 1. HP: 16/16 MP: 1/1
   124 | D:1      | Gained mutation: You are partially covered in large bone plates. (SH +4) [demonic ancestry]
   124 | D:1      | Reached XP level 2. HP: 15/22 MP: 2/2
   923 | D:2      | Gained mutation: You are mostly covered in large bone plates. (SH +6) [demonic ancestry]
   923 | D:2      | Reached XP level 3. HP: 28/28 MP: 3/3
   930 | D:2      | HP: 1/28 [goblin/dagger of electrocution (11)]
   937 | D:2      | Reached skill level 1 in Armour
  1565 | D:2      | Found a glowing silver altar of Zin.
  1566 | D:2      | Found a shadowy altar of Dithmenos.
  1816 | D:3      | Noticed Sigmund
  1833 | D:3      | Slain by Sigmund

Vault maps used:
D:1:      tarquinn_simple_flora_water_c, serial_park_tiny_2
D:2:      gammafunk_temple_overflow_pools
D:3:      minivault_23, minmay_misc_feat_tower, st_stairs_10,
          nemelex_dance_club_becter, uniq_sigmund

Skill      XL: |  1  2  3 |
---------------+----------+-----
Long Blades    | 3 |  3.1
Dodging        | 3 |  3.0
Armour         | 1 |  1.3
Fighting       | |  2.3
Throwing       | |  1.9

Action                   || total
-------------------------++-------
Melee: Long sword        ||    78
       Dagger            ||    43
  Use: Potion            ||     1
  Eat: Chunk             ||     3
Armor: Leather armour    ||    24
Dodge: Dodged            ||    74
Block: Other             ||    16
       Rpst.: Long sword ||    18

Table legend:
 A = Spawn XP
 B = Non-spawn XP
 C = Spawn XP percentage of total XP
 D = Spawn monster count
 E = Non-spawn monster count
 F = Spawn count percentage of total count
 G = Total turns spent on level
                    A         B        C        D         E        F      G
               +---------+---------+-------+---------+---------+-------+---------
         Total |       0 |      66 |   0.0 |       0 |      37 |   0.0 |  1833
               +---------+---------+-------+---------+---------+-------+---------
           D:1 |       0 |      35 |   0.0 |       0 |      18 |   0.0 |   821
           D:2 |       0 |      20 |   0.0 |       0 |      13 |   0.0 |   878
           D:3 |       0 |      11 |   0.0 |       0 |       6 |   0.0 |   134
               +---------+---------+-------+---------+---------+-------+---------
